 Dungeon Crawl Stone Soup version 0.29-a0-275-g389c0b56f3 (webtiles) character file.

Game seed: 2015813731920849072

56 spaghetti the Skirmisher (level 3, -4/44 HPs)
             Began as an Ogre Chaos Knight on Mar 12, 2022.
             Was an Initiate of the Shining One (penitent).
             Succumbed to an orc's poison
             ... on level 3 of the Dungeon.
             The game lasted 00:04:13 (3287 turns).

spaghetti the Skirmisher (Ogre Chaos Knight)        Turns: 3287, Time: 00:04:14

Health: -4/44      AC:  5    Str: 18    XL:     3   Next: 95%
Magic:  3/3        EV:  9    Int: 13    God:    the Shining One [......]
Gold:   177        SH:  0    Dex:  8    Spells: 2/2 levels left

rFire   . . .      SeeInvis .   f - +0 rapier {short}
rCold   . . .      Faith    .   (no shield)
rNeg    . . .      Spirit   .   b - +2 robe
rPois   .          Reflect  .   (helmet restricted)
rElec   .          Harm     .   (no cloak)
rCorr   .          Rampage  .   (gloves unavailable)
Will    .....                   (boots unavailable)
Stlth   +.........              (no amulet)
HPRegen 0.14/turn               (no ring)
MPRegen 0.08/turn               (no ring)

@: lethally poisoned (-4 -> -37)
A: large, unfitting armour, tough skin 1
a: Renounce Religion


You were on level 3 of the Dungeon.
You worshipped the Shining One.
The Shining One was demanding penance.
You visited 1 branch of the dungeon, and saw 3 of its levels.

You collected 177 gold pieces.


Innate Abilities, Weirdness & Mutations

You are too large for most types of armour.
You have tough skin. (AC +1)


   Skills:
 + Level 5.9 Fighting
 - Level 3.0 Axes
 - Level 2.1 Dodging
 + Level 1.0 Summonings


You had 2 spell levels left.
You didn't know any spells.
Your spell library contained the following spells:

 Spells                   Type           Power      Damage    Failure   Level
 Summon Small Mammal      Summ           8%         N/A       21%         1
 Call Canine Familiar     Summ           2%         N/A       52%         3
 Summon Guardian Golem    Hex/Summ       1%         N/A       58%         3

Inventory:

Hand Weapons
 a - a +0 hand axe of chaos {axe}
 e - a +0 dagger {short}
   (You took it off a goblin on level 1 of the Dungeon)
 f - a +0 rapier (weapon) {short}
   (You found it on level 2 of the Dungeon)
Missiles
 i - 16 stones {throwing}
Armour
 b - a +2 robe (worn)
Magical Staves
 g - a staff of cold {!astaff}
   (You found it on level 2 of the Dungeon)
Scrolls
 d - a scroll of silence {!r}
 j - a scroll of identify {@r1}
Potions
 h - a potion of flight
Miscellaneous
 c - a piece from Xom's chessboard (5/15) (quivered)

Dungeon Overview and Level Annotations

Branches:
Dungeon (3/15)

Altars:
Kikubaaqudgha
The Shining One

.. ### #?.. .## ... .. #..
...# .... ..#.###.##... ....
....#.#..# ##..### #.......#
#.....### #....#..#
###.......###.......#
........#.##..##....#
..#......@..........####+#
..........##..##.†........
#......oS..#.##....[..###
####.........##(##..#.....
#...............######.
#.........##.##.##..... .
..................<.....
##S<...................######
###...:................#.###


You could see an orc and a ball python.


Message History

You climb upwards.
There is a stone staircase leading down here. 😕 HP[-4]
You take 4 damage, and now have 40/44 hp.
You closely miss the orc. The orc barely misses you. 😕 HP[+1]
You hit the orc. The orc hits you but does no damage.
You barely miss the orc.
The orc hits you with a +0 club. 😕 HP[-1]
You take 1 damage, and now have 40/44 hp.
You hit the orc.
You kill the orc!
Your Summonings skill increases to level 1!
Things that are here:
a +0 club {mace}; a +0 leather armour
There is a shaft here.
There is a stone staircase leading down here. 😎 HP[+4]
Your hp is fully restored (44).
You climb downwards.
There is a stone staircase leading up here.
A hobgoblin comes into view.
A hobgoblin is nearby!
A hobgoblin is nearby!
A hobgoblin is nearby!
You closely miss the hobgoblin.
The hobgoblin hits you but does no damage.
You hit the hobgoblin. The hobgoblin barely misses you.
You hit the hobgoblin.
You kill the hobgoblin!
You see here a hobgoblin corpse.
A ball python comes into view.
The ball python hisses angrily.
A ball python is nearby!
A ball python is nearby!
You hit the ball python.
You kill the ball python!
You see here 7 gold pieces.
An orc is nearby!
An orc is nearby!
An orc is nearby!
You now have 177 gold pieces (gained 7).
A ball python comes into view.
You barely miss the orc.
The ball python hisses angrily.
The orc hits you with a +0 hand axe of venom.
You are poisoned. 😕 HP[-3]
You take 3 damage, and now have 41/44 hp.
You hit the orc but do no damage.
You feel sick.
The orc hits you but does no damage. 😕 HP[-2]
You take 2 damage, and now have 39/44 hp.
You closely miss the orc. You punch the orc, but do no damage.
You feel sick.
The ball python bites you but does no damage.
The orc closely misses you. The ball python bites you. 😕 HP[-4]
You take 4 damage, and now have 35/44 hp.
Unknown command.
You hit the orc.
You feel sick. The orc hits you but does no damage.
You are more poisoned.
The ball python bites you.
The orc hits you with a +0 hand axe of venom.
You are more poisoned. 😮 HP[-5]
You take 5 damage, and now have 30/44 hp.
You hit the orc but do no damage.
You feel very sick. The ball python barely misses you.
The orc closely misses you. 😮 HP[-4]
You take 4 damage, and now have 26/44 hp.
You hit the orc. Your punch misses the orc.
You feel very sick. The ball python bites you.
* * * LOW HITPOINT WARNING * * *
The orc hits you but does no damage.
You are more poisoned.
The ball python bites you.
* * * LOW HITPOINT WARNING * * *
😨 HP[-7]
You take 7 damage, and now have 19/44 hp.
Okay, then.
The orc attacks as you move away!
The orc hits you with a +0 hand axe of venom.
* * * LOW HITPOINT WARNING * * *
You are more poisoned.
* * * LOW HITPOINT WARNING * * *
You feel extremely sick. 😱 HP[-11]
You take 11 damage, and now have 8/44 hp.
MASSIVE DAMAGE!! (PAUSE)
Okay, then.
Okay, then.
The orc attacks as you move away!
The orc hits you with a +0 hand axe of venom.
* * * LOW HITPOINT WARNING * * *
You are more poisoned.
The ball python attacks as you move away!
The ball python closely misses you.
You die...

Skill      XL: |  1  2  3 |
---------------+----------+-----
Fighting       | 5 |  5.9
Summonings     | 1 |  1.0
Axes           | |  3.0
Dodging        | |  2.1

Action                   || total
-------------------------++-------
Melee: Dagger            ||   241
       Hand axe          ||    13
       Punch             ||     6
       Rapier            ||    48
Evoke: Piece from Xom's  ||    12
  Use: Scroll            ||     4
       Potion            ||     2
Armor: Robe              ||   137
Dodge: Dodged            ||   173

Levels and vault maps discovered:
D:1:      lightli_arrival_quake, layout_basic,
          hellmonk_ecumenical_altar_crossroads
D:2:      layout_basic, basic_altar
D:3:      layout_rooms, general_overflow_altar,
          gammafunk_temple_overflow_elements, grunt_ministairs_10

Notes
Turn   | Place    | Note
-------+----------+-------------------------------------------
     0 | D:1      | spaghetti the Ogre Chaos Knight began the quest for the
                  | Orb.
     0 | D:1      | Reached XP level 1. HP: 24/24 MP: 1/1
     0 | D:1      | magus.rc [v1.9.6]
   139 | D:1      | Found a faded altar of an unknown god.
   153 | D:1      | Prayed at the altar of an unknown god.
   153 | D:1      | Fell from the grace of Xom
   153 | D:1      | Became a worshipper of the Shining One
   153 | D:1      | Reached * piety under the Shining One
   165 | D:1      | Was placed under penance by the Shining One
   540 | D:1      | Reached XP level 2. HP: 22/33 MP: 2/2
   919 | D:2      | Reached skill level 5 in Fighting
   924 | D:2      | XOM: stat loss: -2 Int (11/13)
  1211 | D:2      | Found an ancient bone altar of Kikubaaqudgha.
  1572 | D:2      | Reached XP level 3. HP: 37/42 MP: 3/3
  1700 | D:2      | You pick up a book of Callings and begin reading...
  1700 | D:2      | You add the spells Summon Small Mammal, Call Canine
                  | Familiar and Summon Guardian Golem to your library.
  1940 | D:2      | HP: 10/42 [ball python (1)]
  2031 | D:2      | XOM: summons 4 hostile shadow creatures
  2046 | D:2      | HP: 11/44 [kobold/+0 short sword (2)]
  2054 | D:2      | HP: 8/44 [hobgoblin (1)]
  2064 | D:2      | HP: 8/44 [hobgoblin (1)]
  2070 | D:2      | HP: 4/44 [kobold/+0 short sword (3)]
  3198 | D:2      | Reached skill level 1 in Summonings
  3286 | D:3      | HP: 8/44 [poisoned by an orc]
  3287 | D:3      | HP: 3/44 [orc/+0 hand axe of venom (5)]
  3287 | D:3      | Succumbed to an orc's poison

Vanquished Creatures
  An adder (D:2)
  A dart slug (D:2)
  An orc (D:2)
  A bat (D:1)
  2 endoplasms
  3 giant cockroaches
  8 hobgoblins
  2 jackals (D:1)
  3 kobolds (D:2)
  4 quokkas (D:2)
  7 ball pythons
  4 frilled lizards (D:2)
  A goblin (D:1)
  3 rats
41 creatures vanquished.

Table legend:
 A = Non-vault XP
 B = Vault XP
 C = Vault XP percentage of total XP
 D = Non-vault monster count
 E = Vault monster count
 F = Vault count percentage of total count
                 A         B        C        D         E       F
            +---------+---------+-------+---------+---------+-------
      Total |      80 |       0 |   0.0 |      41 |       0 |   0.0
            +---------+---------+-------+---------+---------+-------
        D:1 |      15 |       0 |   0.0 |       9 |       0 |   0.0
        D:2 |      61 |       0 |   0.0 |      30 |       0 |   0.0
        D:3 |       4 |       0 |   0.0 |       2 |       0 |   0.0
            +---------+---------+-------+---------+---------+-------

Illustrated notes

Table legend:
 A = Kills in this place as a percentage of kills in entire the game.
 B = Kills by you in this place as a percentage of kills by you in the entire game.
 C = Kills by friends in this place as a percentage of kills by friends in the entire game.
 D = Other kills in this place as a percentage of other kills in the entire game.
 E = Experience gained in this place as a percentage of experience gained in the entire game.
 F = Experience gained in this place divided by the number of levels of this place that you have seen.
                   A       B       C       D       E      F
               +-------+-------+-------+-------+-------+----------------------
         Total | 100.0 | 100.0 |   N/A |   N/A | 100.0 |  26.7
       Dungeon | 100.0 | 100.0 |   N/A |   N/A | 100.0 |  26.7
               +-------+-------+-------+-------+-------+----------------------

Table legend: (Time is in decaauts)
 A = Elapsed time spent in this place.
 B = Non-inter-level travel time spent in this place.
 C = Inter-level travel time spent in this place.
 D = Time resting spent in this place.
 E = Time spent auto-exploring this place.
 F = Levels seen in this place.
 G = Mean time per level.
                   A        B        C        D        E       F      G
               +--------+--------+--------+--------+--------+-----+--------+
         Total |   3297 |   3173 |    124 |    788 |   1807 |   3 | 1099.0 |
       Dungeon |   3297 |   3173 |    124 |    788 |   1807 |   3 | 1099.0 |
               +--------+--------+--------+--------+--------+-----+--------+

Top non-repeatable levels by time:
     D:2: 2365 daAuts
     D:1: 897 daAuts
     D:3: 35 daAuts
